 Dungeon Crawl Stone Soup version 0.27.1-2-g3b301248ec (webtiles) character file.

Game seed: 8125514575033283869

3286 raph the Basher (level 9, -2/120 (133) HPs)
             Began as a Troll Berserker on Oct 2, 2021.
             Was an Elder of Trog.
             Shot with an arrow by a centaur (14 damage)
             ... on level 8 of the Dungeon.
             The game lasted 00:12:11 (7459 turns).

raph the Basher (Troll Berserker)                   Turns: 7459, Time: 00:12:12

HP:   -2/120 (133)  AC:  7    Str: 27    XL:     9   Next: 69%
MP:   1/8           EV: 12    Int:  3    God:    Trog [****..]
Gold: 231           SH:  0    Dex: 12    Spells: 8/8 levels left

rFire    . . .     SeeInvis .   A - +0 dire flail
rCold    . . .     Faith    .   (shield currently unavailable)
rNeg     . . .     Spirit   .   b - +0 animal skin
rPois    .         Reflect  .   (helmet restricted)
rElec    .         Harm     .   o - +2 cloak
rCorr    .         Rampage  .   (gloves unavailable)
Will     .....                  (boots unavailable)
Stlth    ..........             (no amulet)
HPRegen  1.30/turn              (no ring)
MPRegen  0.11/turn              (no ring)

@: berserking (expiring), lethally poisoned (-2 -> -6), heavily drained, very
quick
A: large, unfitting armour, claws 3, regeneration 1, shaggy fur 1, tough skin 1
a: Renounce Religion, Berserk, Trog's Hand, Brothers in Arms


You were on level 8 of the Dungeon.
You worshipped Trog.
Trog was greatly pleased with you.
You visited 1 branch of the dungeon, and saw 8 of its levels.

You collected 321 gold pieces.
You spent 90 gold pieces at shops.

Inventory:

Hand Weapons
 a - a +0 mace
 g - a +0 giant club
 h - a +5 mace
 m - a +0 giant club
 s - a +2 flail
 A - a +0 dire flail (weapon)
Missiles
 n - 2 javelins (quivered)
Armour
 b - a +0 animal skin (worn)
 o - a +2 cloak (worn)
Jewellery
 u - an amulet of the acrobat
Wands
 p - a wand of iceblast (22)
 q - a wand of acid (10)
 r - a wand of flame (18)
 x - a wand of charming (11)
Scrolls
 f - a scroll of enchant armour
 l - a scroll of vulnerability
 y - a scroll of teleportation
 z - a scroll of fog
Potions
 c - 2 potions of heal wounds
 d - a potion of cancellation {unknown}
 e - 3 potions of mutation
 i - 2 potions of attraction {unknown}
 j - 6 potions of curing {unknown}
 k - 3 potions of haste
 t - a potion of flight {unknown}
 v - a potion of lignification {unknown}
 w - 2 potions of resistance {unknown}


   Skills:
 + Level 6.3 Fighting
 * Level 9.3 Maces & Flails
 + Level 6.3 Dodging


You had 8 spell levels left.
You didn't know any spells.
Your spell library was empty.

Dungeon Overview and Level Annotations

Branches:
Dungeon (8/15)             Temple (0/1) D:5
   Lair: D:8-11

Altars:
Dithmenos
Kikubaaqudgha
Trog
Uskayaw
Wu Jian

Shops:
D:6 *   D:7 (


Innate Abilities, Weirdness & Mutations

You are too large for most types of armour.
You have claws for hands.
Your natural rate of healing is unusually fast.
You are covered in fur. (AC +1)
You have tough skin. (AC +1)


Message History

You sock the wight!
The wight is heavily damaged.
The water moccasin closely misses you.
You impale the wight!!
You destroy the wight!
Trog accepts your kill.
The wight hits you with a +0 antimagic long sword.
* * * LOW HITPOINT WARNING * * *
You feel your power leaking away. The wight closely misses you.
The water moccasin closely misses you.
You closely miss the wight.
The wight is lightly damaged.
The wight closely misses you.
You barely miss the wight.
The wight is lightly damaged.
The water moccasin bites you.
* * * LOW HITPOINT WARNING * * *
The wight hits you with a +3 flail!
* * * LOW HITPOINT WARNING * * *
You feel drained.
You hit the wight.
The wight is lightly damaged.
The water moccasin bites you.
* * * LOW HITPOINT WARNING * * *
The wight hits you but does no damage.
A centaur comes into view.
An orc comes into view. It is wielding a +0 dagger.
The water moccasin bites you.
* * * LOW HITPOINT WARNING * * *
You are poisoned.
The water moccasin poisons you!
The centaur wields a +0 shortbow.
The centaur shoots an arrow.
The arrow hits you.
* * * LOW HITPOINT WARNING * * *
You feel a strong urge to attack something.
You feel very sick.
You see here 15 gold pieces.
You are too berserk!
You feel very sick.
The centaur shoots an arrow.
The arrow hits you!
You die...

,,,,,....................,,,,,,,,
,,,,,....................,,,,,*,,
,,**,....................,,*,,**,
,**,,....................,,,,,*,,
,,,,,...........oz.......,,,***,,
,,,,,(.....o.............,,,,,*,,
*,,,,..#.....#..zoS#.#.##,*,,,,,,
,,,,*#.#)...##...$##*#,***,,,,,,,
,*,,,**#....#...@##*,,,,,**,,,,,,
***,,,*#....#....#*,8,,,8,*,,,,,,
*,,,............*,,,,,,,*,,,,,,
*,,.##...........,,,_,,,,,,,,,,
**,,,*##.........#.,,,,,,*,*,,,*
*,,,,,,*#......c.#.8,,,8,***,,,,
**,,**,**#........#*..,,,****,,,,
,,,,*,,,*#.#.......**#.***,,*,,,,
,,,,**,,*,,**,,,,,,,,*,,,,,,,,,,,


You could see an orc warrior, a water moccasin, a centaur, 2 wights and an orc.

Vanquished Creatures
  A wyvern (D:5)
  An orc warrior (D:4)
  4 sky beasts
  3 ice beasts
  3 necrophages
  A centaur (D:7)
  3 ogres
  A bullfrog (D:4)
  2 scorpions
  6 killer bees (D:7)
  2 water moccasin skeletons
  8 wights
  A howler monkey (D:8)
  2 bullfrog zombies
  4 jellies
  3 hounds
  A human zombie (D:4)
  4 orc priests
  A centaur skeleton (D:5)
  Crazy Yiuf (D:2)
  2 iguanas
  A scorpion zombie (D:5)
  An orc wizard (D:4)
  2 hound zombies (D:4)
  2 mummies (D:4)
  2 howler monkey zombies
  8 gnolls
  9 adders
  A shadow imp (D:6)
  2 white imps
  3 ufetubi
  2 adder zombies (D:4)
  2 worms
  3 dart slugs
  19 orcs
  7 endoplasms
  A giant cockroach (D:4)
  6 goblins
  9 hobgoblins
  3 jackals
  5 quokkas
  12 ball pythons
  9 bats
  2 frilled lizards
  4 kobolds
  A quokka zombie (D:4)
  A rat (D:1)
171 creatures vanquished.

Vanquished Creatures (others)
  A plant (D:2)
1 creature vanquished.

Grand Total: 172 creatures vanquished

Notes
Turn   | Place    | Note
-------+----------+-------------------------------------------
     0 | D:1      | raph the Troll Berserker began the quest for the Orb.
     0 | D:1      | Reached XP level 1. HP: 22/22 MP: 0/0
    53 | D:1      | Reached XP level 2. HP: 28/29 MP: 1/1
   199 | D:1      | Reached skill level 3 in Maces & Flails
   811 | D:2      | Reached XP level 3. HP: 28/36 MP: 2/2
   866 | D:2      | Found a faded altar of an unknown god.
   866 | D:2      | Noticed an eye of devastation
   884 | D:2      | Reached XP level 4. HP: 28/45 MP: 3/3
   884 | D:2      | Reached ** piety under Trog
  1134 | D:2      | Noticed a great orb of eyes
  1140 | D:2      | Noticed a shining eye
  1219 | D:2      | Noticed an eye of devastation
  1880 | D:2      | Found a runed translucent door.
  1881 | D:2      | Noticed Crazy Yiuf
  1995 | D:2      | Killed Crazy Yiuf
  1996 | D:2      | Reached skill level 4 in Maces & Flails
  1996 | D:2      | Reached XP level 5. HP: 53/53 MP: 4/4
  2072 | D:3      | Noticed a necrophage
  2083 | D:3      | Killed a necrophage
  2152 | D:3      | Reached XP level 6. HP: 61/61 MP: 5/5
  3010 | D:4      | Reached skill level 5 in Maces & Flails
  3030 | D:4      | Noticed an orc warrior
  3051 | D:4      | Killed an orc warrior
  3207 | D:4      | Found an ornate altar of the Wu Jian Council.
  3237 | D:4      | Reached XP level 7. HP: 68/68 MP: 6/6
  3517 | D:4      | Reached *** piety under Trog
  3547 | D:4      | Found an ancient bone altar of Kikubaaqudgha.
  3558 | D:4      | Reached skill level 6 in Maces & Flails
  4018 | D:4      | Found a bloodstained altar of Trog.
  4239 | D:5      | Entered Level 5 of the Dungeon
  4320 | D:5      | Reached XP level 8. HP: 76/79 MP: 7/7
  4760 | D:5      | Reached skill level 7 in Maces & Flails
  4821 | D:5      | Reached skill level 5 in Fighting
  4821 | D:5      | Reached skill level 5 in Dodging
  5063 | D:5      | Found a staircase to the Ecumenical Temple.
  5578 | D:5      | Reached **** piety under Trog
  5660 | D:6      | Reached skill level 8 in Maces & Flails
  5727 | D:6      | Reached XP level 9. HP: 84/88 MP: 8/8
  5894 | D:6      | Found a hide-covered altar of Uskayaw.
  6319 | D:6      | Found Vaeg's General Store.
  6327 | D:6      | Bought a wand of iceblast (5) for 90 gold pieces
  6517 | D:7      | Found Asehuph's Weapon Emporium.
  6927 | D:7      | Reached skill level 9 in Maces & Flails
  7384 | D:8      | Found a shadowy altar of Dithmenos.
  7459 | D:8      | Shot with an arrow by a centaur

Illustrated notes

Levels and vault maps discovered:
D:1:      wander_arrival_lonely_grave, layout_basic
D:2:      layout_loops_ring, hellmonk_ecumenical_altar_watching_god,
          serial_bayou, serial_bayou_crossing, serial_bayou_pond_d,
          serial_bayou_pond_b, serial_bayou_lake_a, uniq_crazy_yiuf_cottage
D:3:      layout_rooms
D:4:      layout_cave_pools, lemuel_mausoleum_altar_kikubaaqudgha,
          nzn_wu_jian_contemplation, mainiacjoe_overflow_catwalk,
          serial_column_ruins, column_ruins_hut, column_ruins_columns_corner,
          column_ruins_corridor_corner, column_ruins_open_large,
          column_ruins_open_tiny, column_ruins_columns_plus,
          column_ruins_open_tiny_water
D:5:      layout_loops_corners, minmay_temple_entry_statues_pillars,
          serial_park_tiny_1
D:6:      layout_basic, nicolae_uskayaw_murder_on_the_dancefloor, serial_shops,
          nicolae_shop_stone
D:7:      layout_rooms, serial_shops, shop, serial_corexii_hall,
          corexii_hall_statues_l, chequers_hall_statues_y
D:8:      layout_cave_pools, grunt_dithmenos_smoke_and_mirrors,
          grunt_gozag_statues, chequers_serial_rivers_room_b

Skill      XL: |  1  2  3  4  5  6  7  8  9 |
---------------+----------------------------+-----
Maces & Flails | 3 4 5 6 8 9 |  9.3
Dodging        | 3 4 5 6 |  6.3
Fighting       | 3 4 5 6 |  6.3

Action                   |  1- 3 |  4- 6 |  7- 9 || total
-------------------------+-------+-------+-------++-------
Melee: Mace              |    83 |   110 |       ||   193
       Flail             |       |    40 |   303 ||   343
       Dire flail        |       |       |    58 ||    58
Invok: Berserk           |     2 |     6 |    13 ||    21
       Trog's Hand       |       |       |     3 ||     3
  Use: Scroll            |       |       |    15 ||    15
 Stab: Sleeping          |       |     1 |     2 ||     3
       Distracted        |       |       |     1 ||     1
Armor: Animal skin       |    46 |    92 |   120 ||   258
Dodge: Dodged            |    80 |   150 |   194 ||   424
